AoeStats
← Spider2YBanana

Arena

508142405Analyzed
3v3 RM · 12d ago on Sep 21, 2026· 29m 28s· 6 players
Game mode
Random Map
Map size
Normal (6 player)
Population
200
Speed
Normal
Resources
Standard
Victory
Conquest
Starting age
Dark Age
Ending age
Imperial Age
RankedLock teamsTeams togetherTeam positionsShared explorationLock speedFull tech treeHidden civsTurbo modeCheats
Victory
Defeat
🇧🇷 Bohemians · Brazil
1439
+12
🇺🇸 Britons · United States
1324
+17
🇦🇷 Lithuanians · Argentina
1232
+20
🇭🇳 Georgians · Honduras
1349
-17
🇭🇳 Teutons · Honduras
1341
-16
🇭🇳 Tupi · Honduras
1341
-16
PNLN | maromba_aoe
10:37 Feudal Age
14:16 Castle Age
12:46 Double-Bit Axe
13:09 Horse Collar
15:24 Bow Saw
15:01 Loom
24:56 Fletching
Spider2YBanana
5:26 Loom
11:34 Feudal Age
15:29 Castle Age
13:18 Double-Bit Axe
14:05 Horse Collar
17:27 Bow Saw
21:46 Heavy Plow
22:15 Fletching
24:05 Bodkin Arrow
25:25 Ballistics
27:19 Wheelbarrow
27:59 Padded Archer Armor
29:10 Leather Archer Armor
28:50 Gold Mining
28:51 Stone Mining
29:47 Hand Cart
1
9:41 Feudal Age
13:49 Castle Age
11:55 Horse Collar
12:17 Double-Bit Axe
14:52 Bow Saw
22:53 Wheelbarrow
22:22 Heavy Plow
25:36 Hand Cart
26:04 Stone Mining
30:03 Imperial Age
28:03 Bloodlines
27:53 Husbandry
28:23 Gold Mining
28:40 Scale Barding Armor
29:18 Forging
29:51 Chain Barding Armor
30:27 Stone Shaft Mining
[TeBrR] Overlord201
0:35 Loom
2:07 Loom
2:39 Loom
10:34 Feudal Age
14:37 Castle Age
13:02 Double-Bit Axe
13:29 Horse Collar
16:47 Bow Saw
22:07 Fletching
24:28 Gold Mining
30:09 Imperial Age
27:22 Pikeman
27:50 Champi Runner
28:45 Padded Archer Armor
29:08 Heavy Plow
29:02 Champi Warrior
29:55 Forging
29:46 Scale Mail Armor
30:02 Leather Archer Armor
[TeBrR] Bandwidth
9:26 Feudal Age
10:05 Loom
14:12 Castle Age
12:16 Double-Bit Axe
13:14 Horse Collar
17:21 Bow Saw
17:40 Stone Mining
20:46 Fletching
21:38 Redemption
[TeBrR] Cobraxx
5:35 Loom
9:45 Feudal Age
15:49 Castle Age
14:07 Double-Bit Axe
14:11 Horse Collar
22:01 Wheelbarrow
22:54 Scale Barding Armor
24:49 Bow Saw
24:30 Gold Mining
25:11 Hand Cart
25:50 Bloodlines
26:20 Husbandry
27:47 Chain Barding Armor
27:38 Forging
30:09 Iron Casting
Connection lost

Rejoining the realm…

Still unreachable

The connection could not be restored.

Session expired

The server has moved on; the page needs a fresh start.